 Dungeon Crawl Stone Soup version 0.24-a0-581-gc0fa6600bf (webtiles) character file.

Game seed: 16072261380291068139

3860 Aggronaut the Covert (level 9, -2/39 HPs)
             Began as a Spriggan Enchanter on Aug 23, 2019.
             Was a Believer of Wu Jian.
             Slain by a steam dragon (3 damage)
             ... on level 8 of the Dungeon.
             The game lasted 00:25:02 (8219 turns).

Aggronaut the Covert (Spriggan Enchanter)           Turns: 8219, Time: 00:25:03

Health: -2/39      AC:  4    Str:  7    XL:     9   Next: 99%
Magic:  14/16      EV: 18    Int: 17    God:    Wu Jian [**....]
Gold:   388        SH:  0    Dex: 16    Spells: 8/17 levels left

rFire    . . .     SeeInvis +   s - +1 dagger (venom)
rCold    . . .     Gourm    .   (shield restricted)
rNeg     . . .     Faith    .   g - +2 robe {MR+}
rPois    .         Spirit   .   (helmet restricted)
rElec    .         Reflect  .   (no cloak)
rCorr    .         Harm     .   (gloves unavailable)
MR       ++...                  (boots unavailable)
Stlth    +++++.....             (no amulet)
HPRegen  0.13/turn              (no ring)
MPRegen  0.15/turn              (no ring)

@: about to teleport, very quick
A: very small, unfitting armour, see invisible, herbivore, speed 3, slow
metabolism 2
a: Wall Jump, Renounce Religion


You were on level 8 of the Dungeon.
You worshipped Wu Jian.
Wu Jian was pleased with you.
You were very hungry.

You visited 1 branch of the dungeon, and saw 8 of its levels.
You also visited: Sewer.

You collected 388 gold pieces.

Inventory:

Hand Weapons
 s - a +1 dagger of venom (weapon)
 x - a +2 dagger of distortion
Armour
 c - +0 acid dragon scales
 g - a +2 robe of magic resistance (worn)
Wands
 b - a wand of polymorph (8)
 t - a wand of acid (10)
 v - a wand of iceblast (11)
Scrolls
 a - 8 scrolls of remove curse
 e - a scroll of fear {unknown}
 f - 4 scrolls of teleportation
 i - 3 scrolls of noise {unknown}
 j - a scroll of fog {unknown}
 m - 4 scrolls of magic mapping
 r - 2 scrolls of blinking {unknown}
 u - a scroll of random uselessness {unknown}
 w - a scroll of enchant weapon
Potions
 h - a potion of mutation
 k - a potion of haste
 l - a potion of brilliance
 n - 4 potions of curing
 o - 4 potions of flight
 q - a potion of lignification
Comestibles
 d - 12 rations


   Skills:
 - Level 10.4 Short Blades
 - Level 3.0 Dodging
 + Level 13.1 Stealth
 * Level 4.6 Spellcasting
 - Level 8.1 Hexes


You had 8 spell levels left.
You knew the following spells:

 Your Spells              Type           Power        Failure   Level  Hunger
a - Corona                Hex            ####...      1%          1    None
b - Ensorcelled Hibernat  Hex/Ice        ###...       4%          2    ##.....
c - Confuse               Hex            ####....     1%          3    ###....
d - Dazzling Spray        Conj/Hex       ###...       9%          3    ###....

Your spell library contained the following spells:

 Spells                   Type           Power        Failure   Level  Hunger
 Tukima's Dance           Hex            ####....     1%          3    ###....


Dungeon Overview and Level Annotations

Branches:
Dungeon (8/15)             Temple (0/1) D:7           Sewer (visited)
   Lair: D:8-11

Altars:
Hepliaklqana
Kikubaaqudgha
Nemelex Xobeh
Okawaru
Trog
Wu Jian
The Shining One


Innate Abilities, Weirdness & Mutations

You are very small and have problems with some larger weapons.
You are too small for most types of armour.
You have supernaturally acute eyesight. (SInv)
You are a herbivore.
You cover ground extremely quickly.
You need to consume almost no food.


Message History

The steam dragon looks as sick as possible!
The steam dragon is lightly wounded.
The steam dragon breathes steam at you. The ball of steam hits you!!
* * * LOW HITPOINT WARNING * * *
You hear a loud, deep croak!
You feel much better.
You are engulfed in a cloud of scalding steam.
The steam dragon bites you! The steam dragon misses you.
As you read the scroll of teleportation, it crumbles to dust.
You feel strangely unstable.
You are engulfed in a cloud of scalding steam.
* * * LOW HITPOINT WARNING * * *
The sky beast is engulfed in a cloud of scalding steam.
The sky beast hits you.
* * * LOW HITPOINT WARNING * * *
The sky beast shocks you.
* * * LOW HITPOINT WARNING * * *
The steam dragon misses you. The steam dragon claws you.
You die...

...............'.....
...............#####+
####....####.........
#....+ #.........
#....# #.........
#....####.........
#§.....###+#######
#§§....#... #..'
#@Y....# ... #..#
#D§§...# #.. #..#
...........##
#..##..# ...........#
#......# ...........#
+......# ...........#
######'##
###+###.....
..........
#................
#................


You could see a steam dragon and a sky beast.

Vanquished Creatures
  Pikel (D:5)
  A cyclops (D:7)
  Psyche (D:8)
  A hippogriff (D:7)
  A wyvern (D:6)
  Menkaure (D:4)
  An acid dragon (D:7)
  An ice beast (D:7)
  4 ogres
  An orc warrior (D:6)
  Purgy (Sewer)
  2 slaves (D:5)
  A centaur (D:5)
  2 bullfrogs
  3 scorpions
  4 wights (D:7)
  2 howler monkeys
  5 crimson imps
  3 jellies
  2 orc priests
  3 hounds
  Jessica (D:2)
  5 worker ants
  An iguana (D:8)
  6 orc wizards
  2 hound skeletons (D:7)
  A hound zombie (D:6)
  7 gnolls
  8 adders
  3 adder skeletons
  5 worms
  2 dart slugs
  4 leopard geckos
  18 orcs
  8 bats
  4 giant cockroaches
  7 goblins
  5 hobgoblins
  6 jackals
  10 kobolds
  9 quokkas
  5 ball pythons
  8 frilled lizards
  A leopard gecko skeleton (D:5)
  15 rats
182 creatures vanquished.

Vanquished Creatures (others)
  A leopard gecko (D:5)
1 creature vanquished.

Grand Total: 183 creatures vanquished

Notes
Turn   | Place    | Note
-------+----------+-------------------------------------------
     0 | D:1      | Aggronaut the Spriggan Enchanter began the quest for the
                  | Orb.
     0 | D:1      | Reached XP level 1. HP: 9/9 MP: 5/5
   310 | D:1      | Reached XP level 2. HP: 13/13 MP: 6/6
   349 | D:1      | You fall into a shaft and drop 1 floor!
   436 | D:2      | Reached skill level 5 in Stealth
   706 | D:1      | Reached XP level 3. HP: 16/16 MP: 8/8
  1024 | D:1      | Learned a level 2 spell: Ensorcelled Hibernation
  1028 | D:1      | Learned a level 3 spell: Confuse
  1163 | D:2      | Found a sparkling altar of Nemelex Xobeh.
  1163 | D:2      | Noticed Jessica
  1168 | D:2      | Killed Jessica
  1168 | D:2      | Reached skill level 5 in Hexes
  1168 | D:2      | Reached XP level 4. HP: 21/21 MP: 6/9
  1408 | D:2      | Reached skill level 6 in Stealth
  2502 | D:3      | Reached XP level 5. HP: 22/24 MP: 10/10
  3070 | D:3      | Noticed an ogre
  3086 | D:3      | Killed an ogre
  3086 | D:3      | Reached skill level 7 in Stealth
  3086 | D:3      | Reached XP level 6. HP: 28/28 MP: 4/11
  3551 | D:3      | Found an ancient bone altar of Kikubaaqudgha.
  3711 | D:4      | Noticed Menkaure
  3718 | D:4      | Killed Menkaure
  3838 | D:4      | Found an iron altar of Okawaru.
  3894 | D:4      | Reached skill level 8 in Stealth
  3894 | D:4      | Reached XP level 7. HP: 25/32 MP: 7/12
  3995 | D:4      | Noticed a moth of wrath
  3999 | D:4      | Found a bloodstained altar of Trog.
  4593 | D:5      | Entered Level 5 of the Dungeon
  4627 | D:5      | Found an ancient bone altar of Kikubaaqudgha.
  4784 | D:5      | Found a glowing drain.
  4805 | Sewer    | Entered a sewer
  4863 | Sewer    | Noticed Purgy
  4867 | Sewer    | Killed Purgy
  4994 | D:5      | Found an ornate altar of the Wu Jian Council.
  4997 | D:5      | Became a worshipper of the Wu Jian Council
  5201 | D:5      | Reached skill level 9 in Stealth
  5504 | D:5      | Reached skill level 5 in Short Blades
  5504 | D:5      | Reached XP level 8. HP: 36/36 MP: 13/13
  5504 | D:5      | Noticed Pikel
  5511 | D:5      | Killed Pikel
  5511 | D:5      | Reached skill level 10 in Stealth
  5861 | D:6      | Reached skill level 11 in Stealth
  5907 | D:6      | Found a hazy altar of Hepliaklqana.
  5929 | D:6      | Reached * piety under Wu Jian
  6159 | D:6      | Reached XP level 9. HP: 39/39 MP: 11/14
  6469 | D:7      | Found a staircase to the Ecumenical Temple.
  7025 | D:7      | Reached skill level 12 in Stealth
  7837 | D:7      | Noticed a cyclops
  7841 | D:7      | Killed a cyclops
  7841 | D:7      | Reached skill level 10 in Short Blades
  7857 | D:7      | Learned a level 3 spell: Dazzling Spray
  8006 | D:8      | Reached ** piety under Wu Jian
  8011 | D:8      | Found a glowing golden altar of the Shining One.
  8042 | D:8      | Noticed Psyche
  8061 | D:8      | Killed Psyche
  8061 | D:8      | Reached skill level 13 in Stealth
  8217 | D:8      | HP: 1/39 [steam dragon/ball of steam (19)]
  8219 | D:8      | Slain by a steam dragon

Levels and vault maps discovered:
D:1:      matt_arrival_spirals, layout_rooms, kennysheep_nondescript,
          minmay_misc_feat_plants, minmay_misc_feat_columns
D:2:      layout_loops_ring, nemelex_lonely_heart_becter
D:3:      layout_basic, marbit_many_paths
D:4:      layout_basic, okawaru_trees_1, tgw_trog, uniq_menkaure
D:5:      layout_basic, kennysheep_mini_moat, basic_altar, portal_sewer_entry_b,
          first_ration, uniq_pikel
D:6:      layout_loops_ring, lemuel_crystal_altar
D:7:      layout_loops_cross, minmay_temple_entry_sparse_star, kb_rosetta
D:8:      layout_gridville, hangedman_little_slice_of_home, tso_metal_star,
          uniq_prince_ribbit1, uniq_psyche

Skill      XL: |  1  2  3  4  5  6  7  8  9 |
---------------+----------------------------+-----
Hexes          | 4 5 6 7 8 |  8.1
Stealth        | 5 6 7 8 9 11 13 | 13.1
Short Blades   | 5 8 10 | 10.4
Spellcasting   | 4 |  4.6
Dodging        | |  3.0

Action                   |  1- 3 |  4- 6 |  7- 9 || total
-------------------------+-------+-------+-------++-------
Melee: Dagger            |    95 |   149 |   346 ||   590
 Cast: Corona            |     3 |       |       ||     3
       Ensorcelled Hiber |     3 |    46 |    67 ||   116
       Confuse           |       |     2 |    25 ||    27
Invok: Lunge             |       |       |    30 ||    30
       Whirlwind         |       |       |    10 ||    10
  Use: Scroll            |     3 |     3 |     8 ||    14
       Potion            |       |       |     2 ||     2
 Stab: Sleeping          |    11 |    34 |    51 ||    96
       Confused          |       |     1 |    11 ||    12
       Distracted        |       |       |     3 ||     3
  Eat: Ration            |       |     1 |     6 ||     7
Armor: Robe              |     6 |    12 |    12 ||    30
       Troll leather arm |       |       |    11 ||    11
Dodge: Dodged            |    72 |   130 |   224 ||   426

Table legend:
 A = Non-vault XP
 B = Vault XP
 C = Vault XP percentage of total XP
 D = Non-vault monster count
 E = Vault monster count
 F = Vault count percentage of total count
                 A         B        C        D         E       F
            +---------+---------+-------+---------+---------+-------
      Total |    3090 |    2425 |  44.0 |     154 |      26 |  14.4
            +---------+---------+-------+---------+---------+-------
        D:1 |      30 |       0 |   0.0 |      19 |       0 |   0.0
        D:2 |     123 |      37 |  23.1 |      28 |       1 |   3.4
        D:3 |     234 |       3 |   1.3 |      27 |       1 |   3.6
        D:4 |     178 |     184 |  50.8 |       6 |       6 |  50.0
        D:5 |     524 |     679 |  56.4 |      19 |       5 |  20.8
        D:6 |     717 |       0 |   0.0 |      15 |       0 |   0.0
        D:7 |    1072 |     964 |  47.3 |      28 |       4 |  12.5
        D:8 |     212 |     410 |  65.9 |      12 |       1 |   7.7
      Sewer |       0 |     148 | 100.0 |       0 |       8 | 100.0
            +---------+---------+-------+---------+---------+-------
